 Dungeon Crawl Stone Soup version 0.31.0-32-g396128a36d (webtiles) character file.

Game seed: 10563062196415622490

11 lobsterkj the Grave Robber (level 2, 0/15 HPs)
             Began as a Deep Elf Necromancer on Mar 20, 2024.
             Slain by a ball python (1 damage)
             ... on level 2 of the Dungeon.
             The game lasted 00:07:49 (1094 turns).

lobsterkj the Grave Robber (Deep Elf Necromancer)   Turns: 1094, Time: 00:07:50

Health: 0/15       AC:  2    Str:  5    XL:     2   Next: 13%
Magic:  6/8        EV:  9    Int: 19    God:
Gold:   78         SH:  0    Dex: 15    Spells: 6/7 levels left

rFire   . . .        (no weapon)
rCold   . . .        (no shield)
rNeg    . . .        a - +0 robe
rPois   .            (no helmet)
rElec   .            (no cloak)
rCorr   .            (no gloves)
SInv    .            (no boots)
Will    .....        (no amulet)
Stlth   ++           (no ring)
HPRegen 0.22/turn    (no ring)
MPRegen 0.11/turn

%: no passive effects
@: constricted
A: no striking features
a: no special abilities


You were on level 2 of the Dungeon.
You visited 1 branch of the dungeon, and saw 2 of its levels.

You collected 78 gold pieces.

Inventory:

Armour
 a - a +0 robe (worn)
Scrolls
 c - a scroll of silence {unknown}
 e - a scroll of amnesia {unknown}
 f - 3 scrolls of noise {unknown}
Potions
 b - 2 potions of magic
 d - a potion of attraction {unknown}


   Skills:
 + Level 2.4 Dodging
 + Level 2.5 Stealth
 + Level 3.2 Spellcasting
 + Level 5.2 Necromancy


You had 6 spell levels left.
You knew the following spells:

 Your Spells              Type           Power      Damage    Failure   Level
a - Necrotise             Necr           92%        1d8       1%          1

Your spell library contained the following spells:

 Spells                   Type           Power      Damage    Failure   Level
 Vampiric Draining        Necr           23%        2d7       5%          3
 Magic Dart               Conj           12%        1d3       16%         1
 Animate Dead             Necr           23%        N/A       17%         4
 Searing Ray              Conj           6%         2d4       22%         2
 Curse of Agony           Necr           23%        N/A       43%         5
 Fulminant Prism          Conj/Alch      1%         3d5       83%         4


Dungeon Overview and Level Annotations

Branches:
Dungeon (2/15)

Altars:


Message History

The rat misses you. The bat hits you but does no damage. The bat hits you.
The ball python bites you. The ball python barely misses you.
The rat attacks as it pursues you! The rat bites you.
The ball python barely misses you. The ball python misses you.
The bat barely misses you.
The ball python bites you but does no damage.
The ball python barely misses you. The rat bites you.
The ball python attacks as it pursues you!
The ball python bites you. The ball python completely misses you.
The bat hits you but does no damage. The rat attacks as it pursues you!
The rat bites you.
* * * LOW HITPOINT WARNING * * *
The ball python bites you but does no damage.
The ball python closely misses you.
Welcome back, lobsterkj the Deep Elf Necromancer.
Press ? for a list of commands and other information.
Welcome back, lobsterkj the Deep Elf Necromancer.
Press ? for a list of commands and other information.
Casting: Necrotise (safe; 1% risk of failure)
Confirm with . or Enter, or press ? or * to list all spells.
Aiming: Necrotise (safe; 1% risk of failure)
Press: ? - help, Shift-Dir - straight line, f - rat
Aim: a rat (chance to affect: 91%)
The bat writhes in agony.
The bat hits you but does no damage. The ball python barely misses you.
The ball python closely misses you. The rat bites you but does no damage.
Casting: Necrotise (safe; 1% risk of failure)
Confirm with . or Enter, or press ? or * to list all spells.
Aiming: Necrotise (safe; 1% risk of failure)
Press: ? - help, Shift-Dir - straight line, f - rat, p - rat
Aim: a rat (chance to affect: 91%)
The rat writhes in agony.
You kill the rat!
The dead are walking!
The ball python misses you. The ball python grabs you.
The ball python constricts you. The rat bites you.
* * * LOW HITPOINT WARNING * * *
The ball python bites you.
You die...

#.......##
###........#
#...........
#...........
#...........
#..Z........
#...........
#.S.........
#@rb........
############


You could see a bat (ally target), a ball python, a rat and a friendly rat
skeleton.

Vanquished Creatures
  A dart slug (D:2)
  A ball python (D:1)
  2 endoplasms (D:1)
  A hobgoblin (D:1)
  A bat (D:2)
  A kobold (D:1)
  3 rats
10 creatures vanquished.

Notes
Turn   | Place    | Note
-------+----------+-------------------------------------------
     0 | D:1      | lobsterkj the Deep Elf Necromancer began the quest for the
                  | Orb.
     0 | D:1      | Reached XP level 1. HP: 10/10 MP: 6/6
    66 | D:1      | Reached skill level 5 in Necromancy
  1006 | D:2      | Reached XP level 2. HP: 15/15 MP: 2/8
  1094 | D:2      | Slain by a ball python

Illustrated notes

Levels and vault maps discovered:
D:1:      dpeg_arrival_arbitrary_c, layout_basic
D:2:      layout_basic

Skill      XL: |  1 |
---------------+----+-----
Necromancy     | 5 |  5.2
Dodging        | |  2.4
Stealth        | |  2.5
Spellcasting   | |  3.2

Action                     || total
---------------------------++-------
  Melee: Unarmed           ||     4
   Cast: Necrotise         ||    18
 Armour: Robe              ||    26
  Dodge: Dodged            ||    29
